 Dungeon Crawl Stone Soup version 0.30-a0-528-g8c47a4955b (webtiles) character file.

Game seed: 15399942248575466182

78 demibob the Slasher (level 4, -2/52 HPs)
             Began as a Demonspawn Berserker on Dec 23, 2022.
             Was a Believer of Trog.
             Slain by an orc wizard
             ... wielding a +0 dagger
              (3 damage)
             ... on level 3 of the Dungeon.
             The game lasted 00:01:55 (1939 turns).

demibob the Slasher (Demonspawn Berserker)          Turns: 1939, Time: 00:01:56

Health: -2/52      AC:  7    Str: 17    XL:     4   Next: 15%
Magic:  4/4        EV: 11    Int:  8    God:    Trog [**....]
Gold:   110        SH:  0    Dex: 15    Spells: 3/3 levels left

rFire   . . .      SeeInvis .    a - +0 falchion
rCold   . . .      Faith    .    (no shield)
rNeg    . . .      Spirit   .    c - +0 scale mail
rPois   .          Reflect  .    (no helmet)
rElec   .          Harm     .    e - +0 cloak
rCorr   .          Rampage  .    (no gloves)
Will    .....                    (no boots) Stlth
                                 (no amulet)
HPRegen 0.28/turn                (no ring)
MPRegen 0.09/turn                (no ring)

@: berserking (expiring), very quick
A: powered by pain 1, sturdy frame 2
a: Renounce Religion, Berserk, Trog's Hand


You were on level 3 of the Dungeon.
You worshipped Trog.
Trog was pleased with you.
You visited 1 branch of the dungeon, and saw 3 of its levels.

You collected 110 gold pieces.


Innate Abilities, Weirdness & Mutations

You sometimes gain a little power by taking damage.
Your movements are less encumbered by armour. (ER -4)


   Skills:
 - Level 3.0 Fighting
 * Level 4.3 Long Blades
 + Level 2.2 Armour
 - Level 1.7 Dodging


You had 3 spell levels left.
You didn't know any spells.
Your spell library was empty.

Inventory:

Hand Weapons
 a - a +0 falchion (weapon)
Armour
 c - a +0 scale mail (worn)
 e - a +0 cloak (worn)
Scrolls
 h - a scroll of immolation {unknown}
Potions
 b - a potion of mutation {unknown}
 d - a potion of magic {unknown}
 f - a potion of heal wounds {unknown}
 g - a potion of curing {unknown}
 i - a potion of berserk rage {unknown}

Dungeon Overview and Level Annotations

Branches:
Dungeon (3/15)

Altars:

.... ...
... .. ###
. #. #<#
... #.##.#
.....#....#
......{@o##
..#...ol)#
#....o..#
#.......#
#.......#
.........#
.......##.#
....... ..


You could see an orc priest, 2 orcs and a frilled lizard.


Message History

The orc hits you from afar with a +0 trident.
The orc priest barely misses you.
You slash the orc priest!
You kill the orc priest!
Trog accepts your kill.
The orc priest invokes the aid of Beogh against you.
Beogh smites you!
The orc hits you from afar with a +0 trident.
* * * LOW HITPOINT WARNING * * *
The orc hits you with a +0 hand axe.
* * * LOW HITPOINT WARNING * * *
Something hits you.
* * * LOW HITPOINT WARNING * * *
You have reached level 4!
You feel agile.
Your demonic ancestry asserts itself...
You feel energised by your suffering.
You barely miss the orc. Something hits you but does no damage.
The orc hits you from afar with a +0 trident!
* * * LOW HITPOINT WARNING * * *
You hit the orc priest but do no damage.
You closely miss the orc priest. The orc priest misses you.
The orc hits you but does no damage. The orc closely misses you.
Something hits you.
* * * LOW HITPOINT WARNING * * *
You closely miss the orc priest. The frilled lizard bites you.
* * * LOW HITPOINT WARNING * * *
The orc priest hits you but does no damage.
The orc hits you but does no damage. The orc barely misses you.
Something hits you.
You die...

Skill      XL: |  1  2  3 |
---------------+----------+-----
Long Blades    | 3 4 |  4.3
Armour         | 2 |  2.2
Fighting       | |  3.0
Dodging        | |  1.7

Action                   |  1- 3 |  4- 6 || total
-------------------------+-------+-------++-------
Melee: Falchion          |   112 |     4 ||   116
Invok: Berserk           |     2 |       ||     2
  Use: Scroll            |     2 |       ||     2
Armor: Animal skin       |     5 |       ||     5
       Scale mail        |    19 |     4 ||    23
Dodge: Dodged            |    69 |     3 ||    72

Levels and vault maps discovered:
D:1:      tekkud_arrival_beachfront_property, layout_loops_cross,
          basic_ecumenical_altar
D:2:      layout_basic, minmay_misc_feat_five
D:3:      layout_basic, uniq_terence

Notes
Turn   | Place    | Note
-------+----------+-------------------------------------------
     0 | D:1      | demibob the Demonspawn Berserker began the quest for the
                  | Orb.
     0 | D:1      | Reached XP level 1. HP: 18/18 MP: 1/1
   252 | D:1      | Reached skill level 3 in Long Blades
   334 | D:1      | Gained mutation: Your movements are slightly less
                  | encumbered by armour. (ER -2) [demonic ancestry]
   334 | D:1      | Reached XP level 2. HP: 12/24 MP: 2/2
   622 | D:1      | Found a faded altar of an unknown god.
  1093 | D:2      | Gained mutation: Your movements are less encumbered by
                  | armour. (ER -4) [demonic ancestry]
  1093 | D:2      | Reached XP level 3. HP: 27/29 MP: 3/3
  1313 | D:2      | Reached ** piety under Trog
  1566 | D:2      | Reached skill level 4 in Long Blades
  1566 | D:2      | Reached skill level 2 in Armour
  1936 | D:3      | Gained mutation: You sometimes gain a little power by
                  | taking damage. [demonic ancestry]
  1936 | D:3      | Reached XP level 4. HP: 12/35 MP: 4/4
  1936 | D:3      | HP: 5/52 [orc/+0 trident (7)]
  1938 | D:3      | HP: 2/52 [something (4)]
  1939 | D:3      | Slain by an orc wizard

Vanquished Creatures
  An orc priest (D:3)
  An adder (D:2)
  A worm (D:2)
  6 ball pythons
  5 endoplasms
  A goblin (D:2)
  2 hobgoblins (D:2)
  4 jackals (D:1)
  2 kobolds
  A quokka (D:2)
  4 bats
  2 frilled lizards
  4 rats
34 creatures vanquished.

Table legend: (Time is in decaauts)
 A = Elapsed time spent in this place.
 B = Non-inter-level travel time spent in this place.
 C = Inter-level travel time spent in this place.
 D = Time resting spent in this place.
 E = Time spent auto-exploring this place.
 F = Levels seen in this place.
 G = Mean time per level.
                   A        B        C        D        E       F      G
               +--------+--------+--------+--------+--------+-----+--------+
         Total |   1955 |   1909 |     46 |    140 |   1485 |   3 |  651.7 |
       Dungeon |   1955 |   1909 |     46 |    140 |   1485 |   3 |  651.7 |
               +--------+--------+--------+--------+--------+-----+--------+

Top non-repeatable levels by time:
     D:2: 1065 daAuts
     D:1: 877 daAuts
     D:3: 12 daAuts

Table legend:
 A = Non-vault XP
 B = Vault XP
 C = Vault XP percentage of total XP
 D = Non-vault monster count
 E = Vault monster count
 F = Vault count percentage of total count
                 A         B        C        D         E       F
            +---------+---------+-------+---------+---------+-------
      Total |     112 |       0 |   0.0 |      34 |       0 |   0.0
            +---------+---------+-------+---------+---------+-------
        D:1 |      24 |       0 |   0.0 |      15 |       0 |   0.0
        D:2 |      45 |       0 |   0.0 |      18 |       0 |   0.0
        D:3 |      43 |       0 |   0.0 |       1 |       0 |   0.0
            +---------+---------+-------+---------+---------+-------
